 Dungeon Crawl Stone Soup version 0.20-a0-556-g892c87b (webtiles) character file.

140 Karnivor the Skirmisher (level 5, 0/53 HPs)
             Began as a Troll Fighter on Feb 5, 2017.
             Slain by a gnoll
             ... wielding a +0 spear
              (7 damage)
             ... on level 3 of the Dungeon.
             The game lasted 00:07:26 (2126 turns).

Karnivor the Skirmisher (Troll Fighter)             Turns: 2126, Time: 00:07:26

Health: 0/53       AC:  5    Str: 25    XL:     5   Next: 2%
Magic:  4/4        EV: 10    Int:  4    God:
Gold:   96         SH:  0    Dex:  9    Spells: 4/4 levels left

rFire    . . .     SeeInvis .     - Unarmed
rCold    . . .     Gourm    +   a - +0 robe
rNeg     . . .     Faith    .   (no shield)
rPois    .         Spirit   .   (helmet restricted)
rElec    .         Reflect  .   (no cloak)
rCorr    .         Harm     .   (gloves unavailable)
MR       .....                  (boots unavailable)
Stlth    +.........             (no amulet)
Regen    0.6/turn               (no ring)
                                (no ring)

@: no status effects
A: unfitting armour, claws 3, fast metabolism 3, gourmand, regeneration 1,
shaggy fur 1, tough skin 2
a: no special abilities


You were on level 3 of the Dungeon.
You were completely stuffed.

You visited 1 branch of the dungeon, and saw 3 of its levels.

You collected 96 gold pieces.

Inventory:

Armour
 a - a +0 robe (worn)
 b - a +0 shield
Scrolls
 e - a scroll of fear {unknown}
 h - a scroll of remove curse {unknown}
 o - a scroll of teleportation {unknown}
 p - a scroll of enchant weapon {unknown}
 q - a scroll of noise {unknown}
 r - a scroll of identify {unknown}
Potions
 c - a potion of might
 i - 3 potions of haste
 j - a potion of curing {unknown}
 l - a potion of cancellation {unknown}
 m - a potion of berserk rage {unknown}
 n - a potion of agility {unknown}
Comestibles
 d - 4 bread rations
 f - 2 meat rations
 g - a royal jelly
 k - 5 fruits


   Skills:
 * Level 3.1 Fighting
 + Level 1.6 Throwing
 + Level 0.4 Armour
 + Level 2.9 Dodging
 + Level 2.7 Shields
 * Level 3.0 Unarmed Combat


You had 4 spell levels left.
You didn't know any spells.

Dungeon Overview and Level Annotations

Branches:
Dungeon (3/15)

Altars:


Innate Abilities, Weirdness & Mutations

You are too large for most types of armour.
You have claws for hands.
Your metabolism is lightning-fast.
You like to eat raw meat.
Your natural rate of healing is unusually fast.
You are covered in fur. (AC +1)
You have very tough skin. (AC +2)


Message History

The gnoll hits you with a spear!
* * * LOW HITPOINT WARNING * * *
The gnoll closely misses you.
You claw the gnoll!
The gnoll is almost dead.
The gnoll hits you with a spear.
* * * LOW HITPOINT WARNING * * *
You scratch the gnoll.
You kill the gnoll!
You have reached level 5!
The gnoll closely misses you.
You barely miss the gnoll. The gnoll misses you.
You barely miss the gnoll. The gnoll closely misses you.
You closely miss the gnoll. Your claw misses the gnoll.
The gnoll hits you with a spear.
* * * LOW HITPOINT WARNING * * *
You scratch the gnoll.
The gnoll is lightly wounded.
The gnoll hits you with a spear!
You die...

##########
....... .......
.$..... .......
.......###
....$....#
......g#.#
......g@.##
.......#..###
..###.###.).#####
#.
###))<).####### #
####.........
#...(..>..
#.........
##########


You could see a gnoll and a hobgoblin.

Vanquished Creatures
  Jessica (D:2)
  Terence (D:2)
  Robin (D:3)
  3 gnolls (D:3)
  3 giant cockroaches
  17 goblins
  5 hobgoblins
  2 jackals (D:1)
  4 kobolds
  A quokka (D:3)
  2 bats (D:2)
  4 frilled lizards
  3 rats
47 creatures vanquished.

Notes
Turn   | Place    | Note
-------+----------+-------------------------------------------
     0 | D:1      | Karnivor the Troll Fighter began the quest for the Orb.
     0 | D:1      | Reached XP level 1. HP: 22/22 MP: 0/0
   293 | D:1      | Reached XP level 2. HP: 29/29 MP: 1/1
   766 | D:2      | Noticed Terence
   775 | D:2      | Killed Terence
   775 | D:2      | Reached skill level 1 in Throwing
   775 | D:2      | Reached XP level 3. HP: 36/36 MP: 2/2
   998 | D:2      | Noticed Jessica
  1007 | D:2      | Killed Jessica
  1007 | D:2      | Reached XP level 4. HP: 29/44 MP: 3/3
  1814 | D:3      | Noticed Robin
  1840 | D:3      | Killed Robin
  2122 | D:3      | Reached XP level 5. HP: 6/53 MP: 4/4
  2126 | D:3      | Slain by a gnoll

Vault maps used:
D:1:      dpeg_arrival_connections
D:2:      uniq_terence, uniq_jessica
D:3:      first_bread, uniq_robin

Skill      XL: |  1  2  3  4 |
---------------+-------------+-----
Throwing       | 1 |  1.6
Fighting       | 3 |  3.1
Unarmed Combat | 3 |  3.0
Armour         | |  0.4
Dodging        | |  2.9
Shields        | |  2.7

Action                   |  1- 3 |  4- 6 || total
-------------------------+-------+-------++-------
Melee: Unarmed           |    40 |    58 ||    98
 Stab: Sleeping          |     1 |       ||     1
  Eat: Chunk             |    12 |    13 ||    25
Armor: Robe              |     8 |    26 ||    34
Dodge: Dodged            |    25 |    35 ||    60
